cohdb
Replays
Latest Replays
All Replays
Popular Replays
Top Player Replays
Match Explorer
How It Works
Community
CoH3 Stats
Reddit
Sign in to upload your games and track your stats! →
Sign in with Steam
Match 41301831
Unlisted
Match 41301831
Overview
Messages
Build Orders
End
Kradschützen Motorcycle Team
Panzergrenadier Squad
Selects Armored Support Battlegroup
Panzergrenadier Squad
250 Light Carrier
Construct Light Support Kompanie
MG34 Team
Combat Half-tracks
Fire Support Elements
Panzerjäger Mechanized Group
Selects Salvage Kits
Flakvierling Half-track
Selects Veteran Gunners
Vehicle Survival Package
Construct Panzerarmee Kommand
Emergency Repair Kits
Panzer III L Medium Tank
2.5-tonne Medical Truck
Assault Mechanized Group
Panzer III L Medium Tank
Rapid Advance
Selects Flammpanzer III Medium Tank
Selects Command Panzer IV F Medium Tank
Command Panzer IV F Medium Tank
(502) Bad Gateway
Cooke2g
0
0
Comments
sign in to comment!
No comments posted yet!